 Dungeon Crawl Stone Soup version 0.29.0-4-gdea44cf6ec (webtiles) character file.

Game seed: 5825074508290458248

79 qw the Chopper (level 4, 1/1 (28) HPs)
             Began as a Gargoyle Berserker on Sept 4, 2022.
             Tarried too long and was consumed by Zot
             ... on level 3 of the Dungeon.
             The game lasted 00:29:55 (22028 turns).

qw the Chopper (Gargoyle Berserker)                Turns: 22028, Time: 00:29:55

HP:   1/1 (28)      AC: 13    Str: 23    XL:     4   Next: 38%
MP:   4/4           EV:  8    Int:  7    God:
Gold: 96            SH:  0    Dex:  9    Spells: 3/3 levels left

rFire   . . .      SeeInvis .   Y - +1 hand axe
rCold   . . .      Faith    .   (no shield)
rNeg    + . .      Spirit   .   f - +0 chain mail
rPois   inf        Reflect  .   g - +0 helmet
rElec   +          Harm     .   (no cloak)
rCorr   .          Rampage  .   (no gloves)
Will    .....                   (no boots)
Stlth   ..........              (no amulet)
HPRegen 0.01/turn               (no ring)
MPRegen 0.09/turn               (no ring)

@: extremely drained, bezotted and risking death
A: sickness immunity, AC +3, negative energy resistance 1, electricity
resistance, torment resistance 1, petrification resistance
a: no special abilities


You were on level 3 of the Dungeon.
You visited 1 branch of the dungeon, and saw 4 of its levels.

You collected 96 gold pieces.


Innate Abilities, Weirdness & Mutations

You are immune to sickness and miasma.
Your stone body is resilient. (AC +3)
You are immune to poison.
You resist negative energy. (rN+)
You are resistant to electric shocks. (rElec)
You are resistant to unholy torment.
You are immune to petrification.


   Skills:
 - Level 3.2 Fighting
 + Level 4.6 Axes
 - Level 2.1 Armour
 - Level 1.5 Dodging


You had 3 spell levels left.
You didn't know any spells.
Your spell library was empty.

Inventory:

Hand Weapons
 i - a +0 club
 Y - a +1 hand axe (weapon)
Armour
 f - a +0 chain mail (worn)
 g - a +0 helmet (worn)
Potions
 c - a potion of brilliance {unknown}
 d - a potion of resistance
 j - a potion of curing

Dungeon Overview and Level Annotations

Branches:
Dungeon (4/15) Zot: 0! Temple: D:4-7 You are so drained that the power of Zot will kill you!

Altars:
Kikubaaqudgha
Okawaru
Uskayaw


Message History

Where to? (* - list waypoints, Enter - D:3 @ (x,y), ? - help)
What level of the Dungeon? (default 1, ? - help)
You climb downwards.
There is a stone staircase leading up here.
Sorry, I don't know how to get there.
(D) Dungeon
Where to? (* - list waypoints, Enter - D:3 @ (x,y), ? - help)
What level of the Dungeon? (default 1, ? - help)
You climb upwards.
There is a stone staircase leading down here.
Sorry, I don't know how to get there.
(D) Dungeon
Where to? (* - list waypoints, Enter - D:3 @ (x,y), ? - help)
What level of the Dungeon? (default 1, ? - help)
You climb downwards.
There is a stone staircase leading up here.
Sorry, I don't know how to get there.
(D) Dungeon
Where to? (* - list waypoints, Enter - D:3 @ (x,y), ? - help)
What level of the Dungeon? (default 1, ? - help)
You climb upwards.
There is a stone staircase leading down here.
Sorry, I don't know how to get there.
(D) Dungeon
Where to? (* - list waypoints, Enter - D:3 @ (x,y), ? - help)
What level of the Dungeon? (default 1, ? - help)
You climb downwards.
There is a stone staircase leading up here.
Sorry, I don't know how to get there.
(D) Dungeon
Where to? (* - list waypoints, Enter - D:3 @ (x,y), ? - help)
What level of the Dungeon? (default 1, ? - help)
You climb upwards.
There is a stone staircase leading down here.
Sorry, I don't know how to get there.
(D) Dungeon
Where to? (* - list waypoints, Enter - D:3 @ (x,y), ? - help)
What level of the Dungeon? (default 1, ? - help) Zot snuffs you out like a light.
You die...

########## .........#
.........# . .........#
.. .........# ..
.........# ...
.......@.# ...
.........# #.#
####....#######
#..####### #.#.....(...
###......!###.#..##.####
........#..##..#######
#######........####_###
#....#####...##8.|.8#
#....# ###.##.....##


There were no monsters in sight!

Vanquished Creatures
  2 adders
  A white imp (D:4)
  A dart slug (D:2)
  3 bats
  3 endoplasms
  A giant cockroach (D:1)
  2 goblins
  3 hobgoblins
  10 jackals
  2 quokkas
  6 ball pythons
  2 frilled lizards
  5 kobolds
  9 rats
50 creatures vanquished.

Vanquished Creatures (others)
  A fungus (D:1)
1 creature vanquished.

Grand Total: 51 creatures vanquished

Notes
Turn   | Place    | Note
-------+----------+-------------------------------------------
     0 | D:1      | qw the Gargoyle Berserker began the quest for the Orb.
     0 | D:1      | Reached XP level 1. HP: 14/14 MP: 1/1
     0 | D:1      | 0 ||| qw: Version: 0.1-a-103-gd6f5d3a
     0 | D:1      | 0 ||| qw: Game counter: 5626
     0 | D:1      | 0 ||| qw: Always use a shield: true
     0 | D:1      | 0 ||| qw: Do Orc after D:15 true
     0 | D:1      | 0 ||| qw: Do second Lair branch before Depths: true
     0 | D:1      | 0 ||| qw: Lair rune preference: random
     0 | D:1      | 0 ||| qw: Plans: Normal
     0 | D:1      | 0 ||| PLANNING D:1-11
    45 | D:1      | Found a faded altar of an unknown god.
    51 | D:1      | Reached skill level 3 in Axes
    52 | D:1      | 52 ||| INVOKING Berserk.
    52 | D:1      | HP: 5/21 [ball python (2)]
    54 | D:1      | HP: 2/21 [ball python (3)]
   381 | D:1      | Reached XP level 2. HP: 19/19 MP: 2/2
   526 | D:1      | 526 ||| Stepping ~*~*~tactically~*~*~ (stealth).
   528 | D:1      | 528 ||| Stepping ~*~*~tactically~*~*~ (stealth).
  1337 | D:1      | 1337 ||| UPGRADING to +0 chain mail.
  1347 | D:1      | 1347 ||| DROPPING +0 animal skin.
  1348 | D:1      | 1348 ||| READING scroll labelled AMPALORO RURIE.
  1349 | D:1      | 1349 ||| READING scroll labelled GODUC SISESO.
  1350 | D:1      | 1350 ||| READING scroll labelled UNGAIZ REICLUM.
  1351 | D:1      | 1351 ||| DRINKING 2 dark potions.
  1393 | D:2      | Reached XP level 3. HP: 23/23 MP: 3/3
  1485 | D:2      | Reached skill level 4 in Axes
  1529 | D:2      | 1529 ||| Stepping ~*~*~tactically~*~*~ (stealth).
  1859 | D:2      | Reached ** piety under Trog
  1901 | D:2      | 1901 ||| Stepping ~*~*~tactically~*~*~ (stealth).
  1935 | D:2      | 1935 ||| Stepping ~*~*~tactically~*~*~ (stealth).
  1941 | D:2      | 1941 ||| Stepping ~*~*~tactically~*~*~ (stealth).
  2028 | D:2      | You fall into a shaft and drop 1 floor!
  2028 | D:3      | Found a hide-covered altar of Uskayaw.
  2028 | D:3      | Found an iron altar of Okawaru.
  2030 | D:3      | Found an ancient bone altar of Kikubaaqudgha.
  2037 | D:3      | 2037 ||| UPGRADING to +0 helmet.
  2042 | D:3      | 2042 ||| READING scroll labelled FAISTRA IGGURI.
  2043 | D:3      | 2043 ||| READING scroll labelled BIDWE RETYXERO.
  2048 | D:3      | 2048 ||| DRINKING 2 viscous grey potions.
  2082 | D:3      | 2082 ||| DRINKING 2 ruby potions.
  2083 | D:3      | 2083 ||| DROPPING potion of lignification.
  2084 | D:3      | 2084 ||| Stepping randomly (stuck).
  2085 | D:3      | 2085 ||| Stepping randomly (stuck).
  2086 | D:3      | 2086 ||| Stepping randomly (stuck).
  2087 | D:3      | 2087 ||| Stepping randomly (stuck).
  2088 | D:3      | 2088 ||| Stepping randomly (stuck).
  2089 | D:3      | 2089 ||| Stepping randomly (stuck).
  2090 | D:3      | 2090 ||| Stepping randomly (stuck).
  2091 | D:3      | 2091 ||| Stepping randomly (stuck).
  2092 | D:3      | 2092 ||| Stepping randomly (stuck).
  2093 | D:3      | 2093 ||| Stepping randomly (stuck).
  2094 | D:3      | 2094 ||| Stepping randomly (stuck).
  2095 | D:3      | 2095 ||| Stepping randomly (stuck).
  2096 | D:3      | 2096 ||| Stepping randomly (stuck).
  2097 | D:3      | 2097 ||| Stepping randomly (stuck).
  2098 | D:3      | 2098 ||| Stepping randomly (stuck).
  2099 | D:3      | 2099 ||| Stepping randomly (stuck).
  2100 | D:3      | 2100 ||| Stepping randomly (stuck).
  2101 | D:3      | 2101 ||| Stepping randomly (stuck).
  2102 | D:3      | 2102 ||| Stepping randomly (stuck).
  2103 | D:3      | 2103 ||| Stepping randomly (stuck).
  2104 | D:3      | 2104 ||| Stepping randomly (stuck).
  2105 | D:3      | 2105 ||| Stepping randomly (stuck).
  2106 | D:3      | 2106 ||| Stepping randomly (stuck).
  2107 | D:3      | 2107 ||| Stepping randomly (stuck).
  2108 | D:3      | 2108 ||| Stepping randomly (stuck).
  2109 | D:3      | 2109 ||| Stepping randomly (stuck).
  2110 | D:3      | 2110 ||| Stepping randomly (stuck).
  2111 | D:3      | 2111 ||| Stepping randomly (stuck).
  2112 | D:3      | 2112 ||| Stepping randomly (stuck).
  2113 | D:3      | 2113 ||| Stepping randomly (stuck).
  2114 | D:3      | 2114 ||| Stepping ~*~*~tactically~*~*~ (stealth).
  2115 | D:3      | 2115 ||| Stepping randomly (stuck).
  2116 | D:3      | 2116 ||| Stepping ~*~*~tactically~*~*~ (stealth).
  2117 | D:3      | 2117 ||| Stepping ~*~*~tactically~*~*~ (stealth).
  2118 | D:3      | 2118 ||| Stepping randomly (stuck).
  2124 | D:3      | 2124 ||| Stepping randomly (stuck).
  2125 | D:3      | 2125 ||| Stepping randomly (stuck).
  2126 | D:3      | 2126 ||| Stepping randomly (stuck).
  2127 | D:3      | 2127 ||| Stepping randomly (stuck).
  2128 | D:3      | 2128 ||| Stepping randomly (stuck).
  2129 | D:3      | 2129 ||| Stepping randomly (stuck).
  2130 | D:3      | 2130 ||| Stepping randomly (stuck).
  2136 | D:3      | 2136 ||| Stepping randomly (stuck).
  2137 | D:3      | 2137 ||| Stepping randomly (stuck).
  2138 | D:3      | 2138 ||| Stepping randomly (stuck).
  2139 | D:3      | 2139 ||| Stepping randomly (stuck).
  2140 | D:3      | 2140 ||| Stepping randomly (stuck).
  2141 | D:3      | 2141 ||| Stepping randomly (stuck).
  2142 | D:3      | 2142 ||| Stepping randomly (stuck).
  2143 | D:3      | 2143 ||| Stepping randomly (stuck).
  2144 | D:3      | 2144 ||| Stepping randomly (stuck).
  2145 | D:3      | 2145 ||| Stepping randomly (stuck).
  2146 | D:3      | 2146 ||| Stepping randomly (stuck).
  2147 | D:3      | 2147 ||| Stepping randomly (stuck).
  2148 | D:3      | 2148 ||| Stepping randomly (stuck).
  2149 | D:3      | 2149 ||| Stepping randomly (stuck).
  2150 | D:3      | 2150 ||| Stepping randomly (stuck).
  2151 | D:3      | 2151 ||| Stepping randomly (stuck).
  2152 | D:3      | 2152 ||| Stepping randomly (stuck).
  2153 | D:3      | 2153 ||| Stepping randomly (stuck).
  2154 | D:3      | 2154 ||| Stepping randomly (stuck).
  2155 | D:3      | 2155 ||| Stepping randomly (stuck).
  2156 | D:3      | 2156 ||| Stepping randomly (stuck).
  2157 | D:3      | 2157 ||| Stepping randomly (stuck).
  2158 | D:3      | 2158 ||| Stepping randomly (stuck).
  2159 | D:3      | 2159 ||| Stepping randomly (stuck).
  2160 | D:3      | 2160 ||| Stepping randomly (stuck).
  2161 | D:3      | 2161 ||| Stepping randomly (stuck).
  2162 | D:3      | 2162 ||| Stepping randomly (stuck).
  2163 | D:3      | 2163 ||| Stepping randomly (stuck).
  2164 | D:3      | 2164 ||| Stepping randomly (stuck).
  2165 | D:3      | 2165 ||| Stepping randomly (stuck).
  2166 | D:3      | 2166 ||| Stepping randomly (stuck).
  2167 | D:3      | 2167 ||| Stepping randomly (stuck).
  2168 | D:3      | 2168 ||| Stepping randomly (stuck).
  2169 | D:3      | 2169 ||| Stepping randomly (stuck).
  2170 | D:3      | 2170 ||| Stepping randomly (stuck).
  2171 | D:3      | 2171 ||| Stepping randomly (stuck).
  2172 | D:3      | 2172 ||| Stepping randomly (stuck).
  2173 | D:3      | 2173 ||| Stepping randomly (stuck).
  2174 | D:3      | 2174 ||| Stepping randomly (stuck).
  2175 | D:3      | 2175 ||| Stepping randomly (stuck).
  2176 | D:3      | 2176 ||| Stepping randomly (stuck).
  2177 | D:3      | 2177 ||| Stepping randomly (stuck).
  2178 | D:3      | 2178 ||| Stepping randomly (stuck).
  2179 | D:3      | 2179 ||| Stepping randomly (stuck).
  2180 | D:3      | 2180 ||| Stepping randomly (stuck).
  2181 | D:3      | 2181 ||| Stepping randomly (stuck).
  2182 | D:3      | 2182 ||| Stepping randomly (stuck).
  2183 | D:3      | 2183 ||| Stepping randomly (stuck).
  2184 | D:3      | 2184 ||| Stepping randomly (stuck).
  2185 | D:3      | 2185 ||| Stepping randomly (stuck).
  2186 | D:3      | 2186 ||| Stepping randomly (stuck).
  2187 | D:3      | 2187 ||| Stepping randomly (stuck).
  2188 | D:3      | 2188 ||| Stepping randomly (stuck).
  2189 | D:3      | 2189 ||| Stepping randomly (stuck).
  2190 | D:3      | 2190 ||| Stepping randomly (stuck).
  2191 | D:3      | 2191 ||| Stepping randomly (stuck).
  2192 | D:3      | 2192 ||| Stepping randomly (stuck).
  2193 | D:3      | 2193 ||| Stepping randomly (stuck).
  2194 | D:3      | 2194 ||| Stepping randomly (stuck).
  2195 | D:3      | 2195 ||| Stepping randomly (stuck).
  2196 | D:3      | 2196 ||| Stepping randomly (stuck).
  2197 | D:3      | 2197 ||| Stepping randomly (stuck).
  2198 | D:3      | 2198 ||| Stepping randomly (stuck).
  2199 | D:3      | 2199 ||| Stepping randomly (stuck).
  2200 | D:3      | 2200 ||| Stepping randomly (stuck).
  2201 | D:3      | 2201 ||| Stepping randomly (stuck).
  2202 | D:3      | 2202 ||| Stepping randomly (stuck).
  2203 | D:3      | 2203 ||| Stepping randomly (stuck).
  2204 | D:3      | 2204 ||| Stepping randomly (stuck).
  2205 | D:3      | 2205 ||| Stepping randomly (stuck).
  2206 | D:3      | 2206 ||| Stepping randomly (stuck).
  2207 | D:3      | 2207 ||| Stepping randomly (stuck).
  2208 | D:3      | 2208 ||| Stepping randomly (stuck).
  2209 | D:3      | 2209 ||| Stepping randomly (stuck).
  2210 | D:3      | 2210 ||| Stepping randomly (stuck).
  2211 | D:3      | 2211 ||| Stepping randomly (stuck).
  2212 | D:3      | 2212 ||| Stepping randomly (stuck).
  2213 | D:3      | 2213 ||| Stepping randomly (stuck).
  2214 | D:3      | 2214 ||| Stepping randomly (stuck).
  2215 | D:3      | 2215 ||| Stepping randomly (stuck).
  3510 | D:3      | Reached XP level 4. HP: 28/28 MP: 4/4
  5186 | D:3      | 5186 ||| Stepping ~*~*~tactically~*~*~ (stealth).
  6987 | D:3      | 6987 ||| Stepping ~*~*~tactically~*~*~ (stealth).
  7194 | D:4      | 7194 ||| Stepping ~*~*~tactically~*~*~ (stealth).
 18829 | D:4      | Glimpsed the power of Zot.
 19229 | D:4      | Glimpsed the power of Zot.
 19549 | D:4      | Glimpsed the power of Zot.
 19628 | D:3      | Touched by the power of Zot.
 19629 | D:4      | Glimpsed the power of Zot.
 20029 | D:4      | Glimpsed the power of Zot.
 20230 | D:4      | Fell from the grace of Trog
 20349 | D:4      | Glimpsed the power of Zot.
 20428 | D:3      | Touched by the power of Zot.
 20429 | D:4      | Glimpsed the power of Zot.
 20829 | D:4      | Glimpsed the power of Zot.
 21149 | D:4      | Glimpsed the power of Zot.
 21228 | D:3      | Touched by the power of Zot.
 21229 | D:4      | Glimpsed the power of Zot.
 21629 | D:4      | Glimpsed the power of Zot.
 21949 | D:4      | Glimpsed the power of Zot.
 22028 | D:3      | Tarried too long and was consumed by Zot

Levels and vault maps discovered:
D:1:      heliophobic_arrival_battle_scene, layout_basic,
          dreamdust_ecumenical_altar_grove
D:2:      layout_basic, grunt_decor_arrowhead
D:3:      layout_rooms, nicolae_overflow_hidden_temple
D:4:      layout_loops_ring, minmay_temple_entry_hall, ebering_ghost_sewer_d,
          uniq_duvessa

Skill      XL: |  1  2  3 |
---------------+----------+-----
Axes           | 3 4 |  4.6
Fighting       | |  3.2
Armour         | |  2.1
Dodging        | |  1.5

Action                   |  1- 3 |  4- 6 || total
-------------------------+-------+-------++-------
Melee: Hand axe          |   127 |    27 ||   154
Invok: Berserk           |     1 |       ||     1
  Use: Scroll            |     5 |       ||     5
       Potion            |     3 |       ||     3
Armor: Animal skin       |    23 |       ||    23
       Chain mail        |    32 |    15 ||    47
Dodge: Dodged            |    56 |    25 ||    81

Table legend:
 A = Non-vault XP
 B = Vault XP
 C = Vault XP percentage of total XP
 D = Non-vault monster count
 E = Vault monster count
 F = Vault count percentage of total count
                 A         B        C        D         E       F
            +---------+---------+-------+---------+---------+-------
      Total |     114 |       0 |   0.0 |      50 |       0 |   0.0
            +---------+---------+-------+---------+---------+-------
        D:1 |      32 |       0 |   0.0 |      23 |       0 |   0.0
        D:2 |      44 |       0 |   0.0 |      17 |       0 |   0.0
        D:3 |      27 |       0 |   0.0 |       9 |       0 |   0.0
        D:4 |      11 |       0 |   0.0 |       1 |       0 |   0.0
            +---------+---------+-------+---------+---------+-------
